 Dungeon Crawl Stone Soup version 0.24-a0-368-g0e0cebd0f3 (webtiles) character file.

Game seed: 16605101387908704813

4102 Avack the Grappler (level 10, -5/81 HPs)
             Began as a Troll Ice Elementalist on May 29, 2019.
             Was a Believer of Ashenzari.
             Slain by an orc
             ... wielding a +0 mace
              (6 damage)
             ... on level 8 of the Dungeon.
             The game lasted 00:19:41 (7406 turns).

Avack the Grappler (Troll Ice Elementalist)         Turns: 7406, Time: 00:19:42

Health: -5/81      AC:  8    Str: 18    XL:     10   Next: 6%
Magic:  2/10       EV:  9    Int: 14    God:    Ashenzari [**....]
Gold:   648        SH:  0    Dex: 10    Spells: 3/11 levels left

rFire    . . .     SeeInvis .     - Unarmed
rCold    . . .     Gourm    +   (no shield)
rNeg     . . .     Faith    .   a - +1 robe
rPois    .         Spirit   .   o - +1 hat
rElec    .         Reflect  .   k - scarf {cloud immunity}
rCorr    .         Harm     .   (gloves unavailable)
MR       .....                  (boots unavailable)
Stlth    +.........             j - amulet of regeneration
HPRegen  1.03/turn              (no ring)
MPRegen  0.12/turn              (no ring)

@: about to teleport, very slightly contaminated, drained
A: large, unfitting armour, claws 3, fast metabolism 3, gourmand, regeneration
1, shaggy fur 1, tough skin 3
a: Curse Item, Scrying, Renounce Religion


You were on level 8 of the Dungeon.
You worshipped Ashenzari.
Ashenzari was pleased with you.
You were very full.

You visited 1 branch of the dungeon, and saw 8 of its levels.
You also visited: Ossuary.

You collected 648 gold pieces.

Inventory:

Missiles
 l - 37 poisoned darts
 m - 9 boomerangs (quivered)
 t - 4 atropa-tipped darts
Armour
 a - a +1 robe (worn)
 k - a scarf of cloud immunity (worn)
 o - a +1 hat (worn)
Jewellery
 j - an amulet of regeneration (around neck)
Wands
 d - a wand of iceblast (12)
 s - a wand of flame (18)
 y - a wand of acid (2)
Scrolls
 b - 4 scrolls of teleportation
 f - 3 scrolls of remove curse
 g - a scroll of amnesia
 p - a scroll of fog
 q - a scroll of enchant armour
Potions
 e - 2 potions of heal wounds
 h - a potion of cancellation {unknown}
 i - a potion of might {unknown}
 n - 2 potions of lignification
 r - 2 potions of curing
 u - 2 potions of ambrosia {unknown}
 v - 2 potions of agility
 w - a potion of resistance {unknown}
 x - 2 potions of invisibility {unknown}
 z - a potion of brilliance {unknown}
Comestibles
 c - 12 rations


   Skills:
 - Level 1.5(1.0) Dodging
 - Level 1.0(0.4) Stealth
 * Level 10.8(10.0) Unarmed Combat
 - Level 1.2(0.7) Spellcasting
   Level 0.6(0.0) Conjurations
 - Level 2.2(1.6) Charms
 - Level 5.3(4.7) Summonings
 + Level 4.6(4.0) Ice Magic


You had 3 spell levels left.
You knew the following spells:

 Your Spells              Type           Power        Failure   Level  Hunger
a - Freeze                Ice            ##..         5%          1    ##.....
b - Ozocubu's Armour      Chrm/Ice       #.......     26%         3    ####...
c - Summon Ice Beast      Ice/Summ       ##......     41%         4    #####..

Your spell library contained the following spells:

 Spells                   Type           Power        Failure   Level  Hunger
 Throw Frost              Conj/Ice       #.....       19%         2    ###....
 Corona                   Hex            #......      26%         1    ##.....
 Flame Tongue             Conj/Fire      #....        26%         1    ##.....
 Slow                     Hex            #.......     38%         2    ###....
 Inner Flame              Hex/Fire       #.......     63%         3    ####...
 Portal Projectile        Hex/Tloc       #.....       63%         3    ####...
 Throw Icicle             Conj/Ice       #.......     75%         4    #####..
 Cause Fear               Hex            #.........   95%         4    #####..
 Leda's Liquefaction      Hex/Erth       #.........   95%         4    #####..
 Bolt of Fire             Conj/Fire      #.........   100%        6    #######
 Dragon Form              Tmut           #.........   100%        7    #######
 Dragon's Call            Summ           ##........   100%        9    #######


Dungeon Overview and Level Annotations

Branches:
Dungeon (8/15)             Temple (0/1) D:5
   Lair: D:8-11

Altars:
Ashenzari
Cheibriados
Hepliaklqana
Okawaru
Ru
Sif Muna
Trog
Uskayaw
Vehumet
Wu Jian
Yredelemnul
Zin
The Shining One

Shops:
D:5 !%

Annotations:
D:8 Prince Ribbit


Innate Abilities, Weirdness & Mutations

You are too large for most types of armour.
You have claws for hands.
Your metabolism is lightning-fast.
You like to eat raw meat.
Your natural rate of healing is unusually fast.
You are covered in fur. (AC +1)
You have extremely tough skin. (AC +3)


Message History

The hound barks!
The hound closely misses you. The hound barely misses you. The hound bites you.
The hound closely misses you. Prince Ribbit hits you!
* * * LOW HITPOINT WARNING * * *
As you read the scroll of teleportation, it crumbles to dust.
You feel strangely unstable. The hound bites you.
* * * LOW HITPOINT WARNING * * *
Prince Ribbit hits you!
* * * LOW HITPOINT WARNING * * *
The orc warrior hits you from afar with a +0 glaive!
* * * LOW HITPOINT WARNING * * *
The hound bites you but does no damage.
You feel much better. Prince Ribbit hits you.
* * * LOW HITPOINT WARNING * * *
The hound bites you but does no damage.
The orc warrior hits you from afar with a +0 glaive!
* * * LOW HITPOINT WARNING * * *
The orc hits you with a +0 mace.
You die...

.. #..# #....... ...,
##)## #......# ....
###.o.## #......#
....##*##.o....###.......
.....##....#....#.......
* ,
,#....o.####........... ,
###..o## ##.......... *
##..oh# #.......... ,
#....@# #......#...
#......F#* ..#.....#.. ,
* ......###...
#..##....##. * ...###
.......##....### ..#
#.......##....## ,. *
............... * ,
*,............... *
......###...... .*
##.....


You could see Prince Ribbit, an orc warrior, a hound and 3 orcs.

Vanquished Creatures
  A two-headed ogre (D:7)
  Sigmund (D:3)
  Menkaure (D:5)
  A water moccasin (D:5)
  3 ice beasts
  A black bear (D:7)
  5 ogres
  2 sky beasts
  A phantom (D:5)
  A centaur (D:7)
  5 bullfrogs
  2 scorpions
  8 wights
  3 crimson imps
  2 bullfrog zombies (D:5)
  2 orc priests (D:6)
  2 centaur skeletons (D:4)
  2 bullfrog skeletons
  A gnoll shaman (D:7)
  A hound (D:7)
  Jessica (D:2)
  Terence (D:3)
  2 iguanas
  Natasha (thrice) (D:2)
  4 orc wizards
  5 worker ants
  A big kobold zombie (Ossuary)
  3 mummies
  A howler monkey zombie (D:6)
  3 gnolls (D:7)
  13 adders
  A shadow imp (D:5)
  2 oozes
  3 adder zombies
  An adder skeleton (D:5)
  3 worms (D:2)
  5 dart slugs
  3 leopard geckos
  17 orcs
  A ball python (D:4)
  5 giant cockroaches
  3 gnoll zombies (Ossuary)
  7 hobgoblins
  7 jackals
  5 kobolds
  6 quokkas
  10 bats
  8 frilled lizards
  16 goblins
  2 goblin zombies (Ossuary)
  4 hobgoblin zombies
  A jackal skeleton (D:5)
  A leopard gecko zombie (D:5)
  6 orc zombies
  A quokka skeleton (D:4)
  5 rats
205 creatures vanquished.

Notes
Turn   | Place    | Note
-------+----------+-------------------------------------------
     0 | D:1      | Avack the Troll Ice Elementalist began the quest for the
                  | Orb.
     0 | D:1      | Reached XP level 1. HP: 16/16 MP: 1/1
   306 | D:1      | Reached XP level 2. HP: 24/24 MP: 2/2
   733 | D:2      | Noticed Jessica
   745 | D:2      | Killed Jessica
   745 | D:2      | Reached XP level 3. HP: 31/31 MP: 3/3
   758 | D:2      | Noticed Natasha
   768 | D:2      | Killed Natasha
   773 | D:2      | Learned a level 3 spell: Ozocubu's Armour
   827 | D:2      | Reached XP level 4. HP: 34/39 MP: 4/4
  1090 | D:2      | Reached skill level 1 in Charms
  1349 | D:2      | Noticed an ogre
  1355 | D:2      | Noticed Natasha
  1356 | D:2      | Found a shattered altar of Ashenzari.
  1362 | D:2      | Became a worshipper of Ashenzari the Shackled
  1379 | D:2      | Killed Natasha
  1379 | D:2      | Reached XP level 5. HP: 41/45 MP: 1/5
  1414 | D:2      | Killed an ogre
  1695 | D:2      | Noticed Natasha
  1701 | D:2      | Killed Natasha
  1701 | D:2      | Reached skill level 1 in Unarmed Combat
  1701 | D:2      | Reached XP level 6. HP: 50/53 MP: 0/6
  2250 | D:3      | Noticed Sigmund
  2813 | D:3      | Killed Sigmund
  2813 | D:3      | Reached skill level 3 in Unarmed Combat
  2988 | D:3      | Noticed Terence
  3005 | D:3      | Killed Terence
  3005 | D:3      | Reached XP level 7. HP: 58/59 MP: 7/7
  3014 | D:3      | Learned a level 4 spell: Summon Ice Beast
  3191 | D:4      | Reached skill level 4 in Unarmed Combat
  3266 | D:4      | Found a basalt altar of Yredelemnul.
  3435 | D:4      | Reached skill level 1 in Summonings
  3753 | D:4      | Reached skill level 5 in Unarmed Combat
  3777 | D:4      | Found a bloodstained altar of Trog.
  3857 | D:4      | Found a radiant altar of Vehumet.
  4052 | D:5      | Entered Level 5 of the Dungeon
  4063 | D:5      | Found a hide-covered altar of Uskayaw.
  4079 | D:5      | Noticed Menkaure
  4159 | D:5      | Reached XP level 8. HP: 50/67 MP: 4/8
  4224 | D:5      | Reached skill level 6 in Unarmed Combat
  4255 | D:5      | Found Zoomm's Distillery.
  4321 | D:5      | Found Fenlaext's Food Shop.
  4462 | D:5      | Found a glowing golden altar of the Shining One.
  4490 | D:5      | Reached * piety under Ashenzari
  4512 | D:5      | Found a staircase to the Ecumenical Temple.
  4552 | D:5      | Found a glowing silver altar of Zin.
  4670 | D:5      | Killed Menkaure
  5085 | D:5      | Reached skill level 7 in Unarmed Combat
  5170 | D:6      | Found a sand-covered staircase.
  5181 | Ossuary  | Entered an ossuary
  5438 | D:6      | Reached skill level 8 in Unarmed Combat
  5580 | D:6      | Found a snail-covered altar of Cheibriados.
  5646 | D:6      | Found an ornate altar of the Wu Jian Council.
  5691 | D:6      | Reached XP level 9. HP: 74/74 MP: 9/9
  5903 | D:6      | Found an iron altar of Okawaru.
  6085 | D:7      | Found a deep blue altar of Sif Muna.
  6185 | D:7      | Noticed a two-headed ogre
  6244 | D:7      | Reached skill level 9 in Unarmed Combat
  6294 | D:7      | Found a hazy altar of Hepliaklqana.
  6482 | D:7      | Killed a two-headed ogre
  6579 | D:7      | Reached skill level 10 in Unarmed Combat
  6642 | D:7      | Reached skill level 5 in Summonings
  7083 | D:7      | Found a sacrificial altar of Ru.
  7231 | D:8      | Reached XP level 10. HP: 71/81 MP: 6/10
  7346 | D:8      | Reached ** piety under Ashenzari
  7400 | D:8      | Noticed Prince Ribbit
  7406 | D:8      | HP: 1/81 [orc warrior/+0 glaive (15)]
  7406 | D:8      | Slain by an orc

Levels and vault maps discovered:
D:1:      kilobyte_arrival_exit_the_forest, layout_rooms, dk_noncrumbling_4
D:2:      minmay_chambers_of_twos, layout_loops_ring, evilmike_ruin_ashenzari,
          wad_floor_pattern_1, uniq_natasha, uniq_jessica
D:3:      layout_loops_corners, uniq_terence, uniq_sigmund
D:4:      layout_loops_ring, lemuel_coloured_pillars_altar, kennysheep_mini,
          kennysheep_mini_moat, first_ration
D:5:      layout_loops_corners, tso_oasis_becter, kennysheep_little_box,
          old_standard_altar, minmay_temple_entry_statues_fountains,
          serial_shops, shop, shop_statue, uniq_menkaure
D:6:      layout_gridville, old_standard_altar, old_standard_altar,
          okawaru_trees_1, nicolae_ossuary_entry_giza, minmay_ogre_servants
D:7:      layout_basic, nicolae_overflow_crystal_walls, nicolae_ru_awakened_eye,
          marbit_many_paths
D:8:      layout_layer_cave, uniq_prince_ribbit1

Skill      XL: |  1  2  3  4  5  6  7  8  9 |
---------------+----------------------------+-----
Ice Magic      | 3 4 |  4.6
Charms         | 1 2 |  2.2
Unarmed Combat | 1 3 5 8 10 | 10.8
Summonings     | 2 3 5 |  5.3
Dodging        | |  1.5
Stealth        | |  1.0
Spellcasting   | |  1.2
Conjurations   | |  0.6

Action                   |  1- 3 |  4- 6 |  7- 9 | 10-12 || total
-------------------------+-------+-------+-------+-------++-------
Melee: Unarmed           |    68 |   221 |   418 |    26 ||   733
       Punch             |       |       |    10 |       ||    10
Throw: Dart              |       |    10 |    18 |       ||    28
       Boomerang         |       |       |    25 |     1 ||    26
 Cast: Freeze            |       |    15 |     1 |       ||    16
       Ozocubu's Armour  |       |     3 |    19 |     3 ||    25
Evoke: Wand              |       |       |     5 |       ||     5
  Use: Scroll            |       |     1 |    13 |     1 ||    15
       Potion            |       |       |       |     1 ||     1
 Stab: Sleeping          |       |     3 |     3 |       ||     6
       Distracted        |       |       |     1 |       ||     1
  Eat: Chunk             |    11 |    23 |    38 |     2 ||    74
       Ration            |       |       |     1 |       ||     1
Armor: Robe              |    21 |    86 |   129 |     8 ||   244
Dodge: Dodged            |    25 |   114 |   165 |     7 ||   311

Table legend:
 A = Non-vault XP
 B = Vault XP
 C = Vault XP percentage of total XP
 D = Non-vault monster count
 E = Vault monster count
 F = Vault count percentage of total count
                 A         B        C        D         E       F
            +---------+---------+-------+---------+---------+-------
      Total |    4992 |     868 |  14.8 |     163 |      42 |  20.5
            +---------+---------+-------+---------+---------+-------
        D:1 |      13 |       0 |   0.0 |       8 |       0 |   0.0
        D:2 |     308 |      91 |  22.8 |      33 |      10 |  23.3
        D:3 |     145 |     263 |  64.5 |      21 |       2 |   8.7
        D:4 |     376 |       0 |   0.0 |      19 |       0 |   0.0
        D:5 |     883 |     172 |  16.3 |      20 |       1 |   4.8
        D:6 |     689 |     152 |  18.1 |      25 |      12 |  32.4
        D:7 |    2147 |     115 |   5.1 |      31 |       1 |   3.1
        D:8 |     431 |       0 |   0.0 |       6 |       0 |   0.0
    Ossuary |       0 |      75 | 100.0 |       0 |      16 | 100.0
            +---------+---------+-------+---------+---------+-------
